 Dungeon Crawl Stone Soup version 0.14-a0-3424-g5348755 (webtiles) character file.

1822 4tharraofdagon the Spear-Bearer (level 8, 1/96 HPs)
             Began as a Merfolk Gladiator on Mar 22, 2014.
             Was a Priest of Makhleb.
             Quit the game on Level 1 of the Orcish Mines.
             The game lasted 00:22:29 (3589 turns).

4tharraofdagon the Spear-Bearer (Merfolk Gladiator) Turns: 3589, Time: 00:22:29

HP   1/96        AC 27     Str 16      XL: 8   Next: 95%
MP  13/13        EV  1     Int  9      God: Makhleb [***...]
Gold 209         SH  0     Dex 14      Spells:  0 memorised,  7 levels left

rFire  . . .     SeeInvis +     F - +2 halberd (curse)
rCold  . . .     Clarity  +     v - melded +0 chain mail
rNeg   + + +     Conserve .     (no shield)
rPois  +         rCorr    .     i - +2 helmet {SInv}
rElec  .         rRot     .     p - melded +1 cloak {MR+}
SustAb . .       Spirit   .     (gloves currently unavailable)
rMut   .         Warding  .     (boots currently unavailable)
Saprov . . .     NoTele   +     j - amulet of clarity
MR     .....                    H - ring of sustenance {unknown}
                                B - ring of teleport control

@: tree-form, not resistant to hostile enchantments, unstealthy
A: (change form in water), (swift swim)
a: Minor Destruction, Lesser Servant of Makhleb, Renounce Religion, Evoke
Teleport Control


You were on level 1 of the Orcish Mines.
You worshipped Makhleb.
Makhleb was most pleased with you.
You were not hungry.
You were an animated tree.
You visited 2 branches of the dungeon, and saw 11 of its levels.
You also visited: Ossuary.

You collected 209 gold pieces.

Inventory:

Hand weapons
 a - a +0,+0 trident
 q - a cursed +3,+4 quarterstaff of chaos
 F - a cursed +2,+2 halberd (weapon)
 G - a +1,+1 halberd of distortion
Armour
 b - a +0 leather armour
 c - a cursed +0 helmet
 i - a +2 helmet of see invisible (worn)
 n - a +0 scale mail of cold resistance
 p - a +1 cloak of magic resistance (melded)
 s - a +0 scale mail
 t - a +0 scale mail
 v - a +0 chain mail (melded)
Magical devices
 d - a wand of slowing (14)
 u - a wand of fire (0)
 w - a wand of draining (0)
Comestibles
 f - 2 bread rations
 g - a meat ration
Scrolls
 e - a scroll of blinking {unknown}
 l - 3 scrolls of amnesia {unknown}
 m - a scroll of identify
 r - a scroll of enchant armour
 y - a scroll of recharging {unknown}
 D - a scroll of enchant weapon II {unknown}
 E - a scroll of remove curse
Jewellery
 j - an amulet of clarity (around neck)
 B - a ring of teleport control (left branch)
 H - a ring of sustenance (right branch) {unknown}
Potions
 h - a potion of poison
 o - 2 potions of curing
 x - 2 potions of might
 A - a potion of brilliance


   Skills:
 + Level 5.7 Fighting
 * Level 9.7 Polearms
 - Level 2.0 Throwing
 + Level 2.5 Armour
 + Level 7.3 Dodging
 + Level 3.7 Invocations
 - Level 3.0 Evocations


You had 7 spell levels left.
You didn't know any spells.

Dungeon Overview and Level Annotations

Branches:
Dungeon (10/15)            Temple (0/1) D:6             Orc (1/4) D:9
   Lair: D:8-11

Altars:
Cheibriados
Makhleb
Nemelex Xobeh
Okawaru
Vehumet

Annotations:
D:4 Sigmund
D:7 exclusion: statue
D:9 Grum, Psyche
D:10 Josephine
Orc:1 Joseph


Message History

The bolt of lightning hits you!
* * * LOW HITPOINT WARNING * * *
The troll bites you but does no damage. The troll claws you.
* * * LOW HITPOINT WARNING * * *
The troll claws you.
* * * LOW HITPOINT WARNING * * *
Unknown command.
You hit the troll.
The troll is heavily wounded.
Joseph zaps a wand.
The bolt of lightning hits you!
* * * LOW HITPOINT WARNING * * *
The troll bites you but does no damage. The troll claws you but does no damage.
The troll claws you but does no damage.
Unknown command.
Unknown command.
Unknown command.
It'd take too long for a potion to reach your roots.
It'd take too long for a potion to reach your roots.
Unknown command.
Are you sure you want to abandon this character and quit the game? (Confirm with "yes".)

## ##.###
#....##
##..).#
#...)##
#.....##
##...<.###
#........##
#....##♣...#
#.....T)#.##
#..........#
...........
.......$...#
.....@.#...
.......#.##
#....# ..
.>.


You could see Joseph and a troll.

Vanquished Creatures
  A hill giant skeleton (D:10)
  3 ice beasts
  An orc warrior (D:6)
  2 ogres
  4 giant frogs
  2 centaur zombies (Ossuary)
  A hound (D:9)
  Crazy Yiuf (D:3)
  A gnoll shaman (D:8)
  A human zombie (Ossuary)
  An elf skeleton (D:7)
  An orc priest (D:7)
  6 orc wizards
  A big kobold zombie (Ossuary)
  A sky beast zombie (D:7)
  3 mummies
  6 gnolls
  3 adders
  A giant mite (D:8)
  A worm (D:4)
  2 adder zombies (Ossuary)
  A giant eyeball (D:8)
  An ooze (D:7)
  15 orcs
  A giant cockroach (D:8)
  6 goblins
  9 hobgoblins
  8 jackals
  9 kobolds
  2 quokkas
  10 bats
  3 giant geckos
  6 giant newts
  A goblin zombie (Ossuary)
  6 hobgoblin zombies (Ossuary)
  A jackal zombie (Ossuary)
  13 kobold zombies (Ossuary)
  8 orc zombies (Ossuary)
  A quokka zombie (D:7)
  5 rats
  2 rat zombies (Ossuary)
  A fungus (D:3)
152 creatures vanquished.

Vanquished Creatures (collateral kills)
  An orc wizard (D:9)
1 creature vanquished.

Vanquished Creatures (others)
  2 orcs (Orc:1)
2 creatures vanquished.

Grand Total: 155 creatures vanquished

Notes
Turn   | Place    | Note
--------------------------------------------------------------
     0 | D:1      | 4tharraofdagon, the Merfolk Gladiator, began the quest for the Orb.
     0 | D:1      | Reached XP level 1. HP: 16/16 MP: 1/1
     7 | D:1      | Noticed a hound
     7 | D:1      | Noticed a lindwurm
     7 | D:1      | Noticed a wyvern
     7 | D:1      | Noticed a black bear
    92 | D:1      | Reached XP level 2. HP: 21/23 MP: 2/2
   441 | D:3      | Reached XP level 3. HP: 24/28 MP: 3/3
   499 | D:3      | Found a burning altar of Makhleb.
   508 | D:3      | Became a worshipper of Makhleb the Destroyer
   544 | D:3      | Reached skill level 5 in Polearms
   672 | D:3      | Noticed Crazy Yiuf
   685 | D:3      | Killed Crazy Yiuf
   685 | D:3      | Reached XP level 4. HP: 35/35 MP: 4/4
   851 | D:4      | Noticed an ogre
   852 | D:4      | Noticed a phantom
   862 | D:5      | Entered Level 5 of the Dungeon
   930 | D:4      | Found a sparkling altar of Nemelex Xobeh.
  1020 | D:4      | Noticed Sigmund
  1154 | D:4      | Found a snail-covered altar of Cheibriados.
  1215 | D:4      | Killed an ogre
  1215 | D:4      | Acquired Makhleb's first power
  1215 | D:4      | Reached skill level 6 in Polearms
  1215 | D:4      | Reached skill level 5 in Dodging
  1215 | D:4      | Reached XP level 5. HP: 23/41 MP: 5/5
  1438 | D:5      | Noticed an ogre
  1443 | D:5      | Killed an ogre
  1443 | D:5      | Reached skill level 1 in Invocations
  1443 | D:5      | Reached XP level 6. HP: 29/48 MP: 5/7
  1594 | D:5      | Noticed a sky beast
  1654 | D:6      | Found an iron altar of Okawaru.
  1662 | D:6      | Reached skill level 7 in Polearms
  1662 | D:6      | Reached skill level 1 in Armour
  1894 | D:6      | Found a staircase to the Ecumenical Temple.
  2005 | D:6      | Reached XP level 7. HP: 54/54 MP: 9/9
  2046 | D:7      | Found a radiant altar of Vehumet.
  2083 | D:7      | Reached skill level 1 in Evocations
  2087 | D:7      | Acquired Makhleb's second power
  2139 | D:7      | Noticed a hill giant
  2284 | D:7      | Found a sand-covered staircase.
  2290 | Ossuary  | Entered an ossuary
  2472 | Ossuary  | Reached skill level 8 in Polearms
  2578 | Ossuary  | Acquired Makhleb's third power
  2771 | D:7      | Reached XP level 8. HP: 61/61 MP: 11/11
  2959 | D:8      | Paralysed by a giant eyeball for 2 turns
  2974 | D:8      | Reached skill level 5 in Fighting
  3221 | D:9      | Reached skill level 9 in Polearms
  3287 | D:10     | Entered Level 10 of the Dungeon
  3287 | D:10     | Noticed Josephine
  3438 | D:9      | Noticed Grum
  3533 | D:9      | Found a staircase to the Orcish Mines.
  3538 | D:9      | Noticed Psyche
  3540 | Orc:1    | Entered Level 1 of the Orcish Mines
  3574 | Orc:1    | Noticed a troll
  3584 | Orc:1    | Noticed Joseph
  3588 | Orc:1    | HP: 1/96 [Joseph/wand of lightning (9)]
  3589 | Orc:1    | Quit the game

Action                   |  1- 3 |  4- 6 |  7- 9 || total
-------------------------+-------+-------+-------++-------
Melee: Trident           |   108 |   137 |   315 ||   560
       Halberd           |       |       |   122 ||   122
Throw: Throwing net      |     2 |     3 |       ||     5
Invok: Lesser Servant of |       |       |     1 ||     1
Evoke: Wand              |       |    13 |     2 ||    15
  Use: Potion            |     3 |     1 |     8 ||    12
       Scroll            |     1 |       |     7 ||     8
 Stab: Sleeping          |     3 |       |       ||     3
       Held in net/web   |       |     1 |       ||     1
